 Dungeon Crawl Stone Soup version 0.28-a0-1084-ga282ea246d (webtiles) character file.

Game seed: 10881627569163570633

48 Peloso the Covered (level 3, -1/33 HPs)
             Began as a Minotaur Fighter on Dec 10, 2021.
             Slain by a worm (6 damage)
             ... on level 2 of the Dungeon.
             The game lasted 00:01:36 (898 turns).

Peloso the Covered (Minotaur Fighter)                Turns: 898, Time: 00:01:36

Health: -1/33      AC:  9    Str: 20    XL:     3   Next: 50%
Magic:  2/2        EV:  9    Int:  5    God:
Gold:   25         SH:  9    Dex: 11    Spells: 2/2 levels left

rFire   . . .      SeeInvis .   a - +0 long sword
rCold   . . .      Faith    .   c - +0 buckler
rNeg    . . .      Spirit   .   b - +0 scale mail
rPois   .          Reflect  +   e - +1 hat
rElec   .          Harm     .   (no cloak)
rCorr   .          Rampage  .   (no gloves)
Will    .....                   j - +0 pair of boots
Stlth   ..........              h - amulet of reflection
HPRegen 0.11/turn               (no ring)
MPRegen 0.08/turn               (no ring)

@: lethally poisoned (-1 -> -6)
A: horns 2, retaliatory headbutt
a: no special abilities


You were on level 2 of the Dungeon.
You visited 1 branch of the dungeon, and saw 2 of its levels.

You collected 25 gold pieces.

Inventory:

Hand Weapons
 a - a +0 long sword (weapon)
Armour
 b - a +0 scale mail (worn)
 c - a +0 buckler (worn)
 e - a +1 hat (worn)
 j - a +0 pair of boots (worn)
Jewellery
 h - an amulet of reflection (around neck)
Scrolls
 g - 3 scrolls of identify {unknown}
 i - a scroll of brand weapon {unknown}
Potions
 d - 2 potions of might
 f - a potion of brilliance {unknown}


   Skills:
 + Level 4.1 Fighting
 + Level 3.0 Long Blades
 + Level 4.3 Armour
 + Level 4.2 Shields


You had 2 spell levels left.
You didn't know any spells.
Your spell library was empty.

Dungeon Overview and Level Annotations

Branches:
Dungeon (2/15)

Altars:


Innate Abilities, Weirdness & Mutations

You have a pair of horns on your head.
You reflexively headbutt those who attack you in melee.


Message History

The adder is severely wounded.
The adder bites you but does no damage.
You barely miss the adder.
The adder is severely wounded.
The adder bites you but does no damage. x2
You slash the adder!
You kill the adder!
The kobold throws a stone.
The stone barely misses you.
Your Long Blades skill increases to level 3!
The kobold throws a stone.
The stone hits you but does no damage.
A worm comes into view.
The kobold hits you but does no damage.
You are poisoned.
You closely miss the kobold. Your headbutt misses the kobold.
You feel very sick. The kobold hits you but does no damage.
You are more poisoned.
You miss the kobold.
You feel very sick. You block the kobold's attack.
You hit the kobold. Your headbutt misses the kobold.
The kobold is moderately wounded.
You feel very sick. The kobold hits you but does no damage.
You are more poisoned.
The kobold closely misses you. You furiously retaliate!
You headbutt the kobold!
You kill the kobold!
You feel very sick.
Things that are here:
a +0 dagger of venom; 5 stones You feel very sick.
Unknown command.
You feel sick.
You feel sick. The worm bites you.
* * * LOW HITPOINT WARNING * * *
You barely miss the worm.
* * * LOW HITPOINT WARNING * * *
You feel sick. The worm bites you.
You die...

.....># . #.#
####..... .. . ...
........ ...#.##.#
#......# .... ...#
#.##...# ...#.#..#
#.##...#
.....#..#####.##..^#
.......w...........#
.......@..###.##...#
..#.......###.##...#
#.....).....##...#
#.......######...#####
#.......# #........
#.#.#+### #.####.##
#.#. #.# #.# # ## #.#
#.# #.####.##


You could see a worm.

Vanquished Creatures
  An adder (D:2)
  3 dart slugs (D:1)
  3 ball pythons (D:1)
  3 bats (D:1)
  2 endoplasms (D:1)
  6 giant cockroaches (D:1)
  A goblin (D:1)
  2 kobolds
  2 quokkas (D:1)
  4 frilled lizards (D:1)
  4 rats
31 creatures vanquished.

Vanquished Creatures (others)
  2 plants (D:1)
2 creatures vanquished.

Grand Total: 33 creatures vanquished

Notes
Turn   | Place    | Note
-------+----------+-------------------------------------------
     0 | D:1      | Peloso the Minotaur Fighter began the quest for the Orb.
     0 | D:1      | Reached XP level 1. HP: 19/19 MP: 0/0
    94 | D:1      | Found a faded altar of an unknown god.
   115 | D:1      | Reached XP level 2. HP: 25/27 MP: 1/1
   385 | D:1      | Reached XP level 3. HP: 29/33 MP: 2/2
   898 | D:2      | Slain by a worm

Illustrated notes

Levels and vault maps discovered:
D:1:      nzn_arrival_water_spiral, layout_rooms, ebering_ecumenical_altar_box,
          serial_bayou_pond_d, st_stairs_13
D:2:      layout_basic, minmay_between

Skill      XL: |  1  2  3 |
---------------+----------+-----
Shields        | 4 |  4.2
Armour         | 4 |  4.3
Fighting       | 4 |  4.1
Long Blades    | 3 |  3.0

Action                   || total
-------------------------++-------
Melee: Long sword        ||    70
       Headbutt          ||    14
Armor: Scale mail        ||    35
Dodge: Dodged            ||    32
Block: Buckler           ||    26

Table legend: (Time is in decaauts)
 A = Elapsed time spent in this place.
 B = Non-inter-level travel time spent in this place.
 C = Inter-level travel time spent in this place.
 D = Time resting spent in this place.
 E = Time spent auto-exploring this place.
 F = Levels seen in this place.
 G = Mean time per level.
                   A        B        C        D        E       F      G
               +--------+--------+--------+--------+--------+-----+--------+
         Total |    920 |    885 |     35 |      0 |    606 |   2 |  460.0 |
       Dungeon |    920 |    885 |     35 |      0 |    606 |   2 |  460.0 |
               +--------+--------+--------+--------+--------+-----+--------+

Top non-repeatable levels by time:
     D:1: 768 daAuts
     D:2: 151 daAuts
